 Dungeon Crawl Stone Soup version 0.19-b1-5-gdc9fa9d (webtiles) character file.

2758 tizzy the Grappler (level 9, -3/69 HPs)
             Began as a Demonspawn Fighter on Nov 1, 2016.
             Was a Believer of Dithmenos.
             Slain by an orc warrior
             ... wielding a +0 short sword
              (11 damage)
             ... on level 7 of the Dungeon.
             The game lasted 00:24:27 (9469 turns).

tizzy the Grappler (Demonspawn Fighter)             Turns: 9469, Time: 00:24:28

Health: -3/69      AC:  9    Str: 16    XL:     9   Next: 41%
Magic:  9/9        EV: 11    Int: 11    God:    Dithmenos [**....]
Gold:   231        SH:  0    Dex: 15    Spells: 2 memorised, 6 levels left

rFire  . . .     SeeInvis .       - Unarmed
rCold  + . .     Gourm    .     D - +0 leather armour {rC+}
rNeg   . . .     Faith    .     (no shield)
rPois  +         Spirit   .     (helmet restricted)
rElec  .         Reflect  .     y - +1 cloak
rCorr  .         Harm     .     j - +0 pair of gloves
MR     .....                    B - +2 pair of boots
Stlth  +.........               (no amulet)
                                (no ring)
                                J - ring of poison resistance

@: wreathed by umbra
A: antennae 1, claws 1, talons 2, demonic guardian 1, powered by pain 1
a: Shadow Step, Renounce Religion


You were on level 7 of the Dungeon.
You worshipped Dithmenos.
Dithmenos was pleased with you.
You were very hungry.

You visited 2 branches of the dungeon, and saw 9 of its levels.

You collected 387 gold pieces.
You spent 156 gold pieces at shops.

Inventory:

Hand Weapons
 a - a +1 war axe
 p - the +5 morningstar "Zidweph" {freeze, Int+5 Stlth+}
   (You took it off a centaur on level 6 of the Dungeon)

   It has been specially enchanted to freeze those struck by it, causing extra
   injury to most foes and up to half again as much damage against particularly
   susceptible opponents.
   It can also slow down cold-blooded creatures.
   It affects your intelligence (+5).
   It makes you more stealthy.
Missiles
 n - 3 javelins (quivered)
Armour
 j - a +0 pair of gloves (worn)
 t - a +2 large shield
 y - a +1 cloak (worn)
 B - a +2 pair of boots (worn)
 D - a +0 leather armour of cold resistance (worn)
Jewellery
 u - an uncursed amulet of harm
 J - a ring of poison resistance (left hand)
Wands
 c - a wand of disintegration (15/24)
 K - a wand of teleportation (6/9)
Scrolls
 h - 2 scrolls of recharging
 i - a scroll of enchant weapon
 l - 3 scrolls of amnesia
 m - 7 scrolls of identify
 q - 2 scrolls of enchant armour
 z - 3 scrolls of remove curse
Potions
 d - a potion of might
 e - 3 potions of brilliance
 k - a potion of resistance
 o - 3 potions of flight
 s - a potion of ambrosia {unknown}
 x - 8 potions of curing
 C - a potion of mutation {unknown}
 F - 2 potions of invisibility
 H - 2 potions of berserk rage {unknown}
Books
 E - a book of Cantrips

   Spells                             Type                      Level
   a - Confusing Touch                Hexes                        1
   b - Animate Skeleton               Necromancy                   1
   c - Summon Small Mammal            Summoning                    1
   d - Apportation                    Translocation                1
Comestibles
 f - 7 bread rations
 g - 4 fruits
 w - 2 beef jerkies


   Skills:
 - Level 6.1 Fighting
 - Level 2.4 Axes
 - Level 2.6 Armour
 - Level 2.6 Shields
 * Level 10.6 Unarmed Combat


You had 6 spell levels left.
You knew the following spells:

 Your Spells              Type           Power        Failure   Level  Hunger
a - Apportation           Tloc           #.........   41%         1    ##.....
b - Confusing Touch       Hex            #.....       41%         1    ##.....


Dungeon Overview and Level Annotations

Branches:
Dungeon (8/15)             Temple (1/1) D:5
   Lair: D:8-11

Altars:
Ashenzari
Cheibriados
Dithmenos
Elyvilon
Fedhas
Gozag
Hepliaklqana
Kikubaaqudgha
Makhleb
Nemelex Xobeh
Okawaru
Qazlal
Ru
Sif Muna
Trog
Uskayaw
Vehumet
Xom
Yredelemnul
Zin
The Shining One

Shops:
D:6 !

Annotations:
D:4 Blork the orc


Innate Abilities, Weirdness & Mutations

You have a pair of small antennae on your head.
You have sharp fingernails.
You have razor-sharp toenails.
A weak demonic guardian rushes to your aid.
You sometimes gain a little power by taking damage.


Message History

The orc warrior hits you with a short sword.
* * * LOW HITPOINT WARNING * * *
You are too injured to fight recklessly!
You are too injured to fight recklessly!
You closely miss the orc warrior.
The orc warrior is severely wounded.
The orc warrior hits you with a short sword!
* * * LOW HITPOINT WARNING * * *
Evoke which item? (* to show all) (? for menu, Esc to quit)
Okay, then.
You feel much better.
The orc warrior hits you with a short sword!
* * * LOW HITPOINT WARNING * * *
Evoke which item? (* to show all) (? for menu, Esc to quit)
Zapping:
c - a wand of disintegration (16/24)
Press: ? - help, Shift-Dir - straight line, f - orc warrior
Aim: an orc warrior, wielding a short sword and wearing a chain mail (severely wounded, umbra, chance to defeat MR: 65%)
The orc warrior struggles to resist.
This wand has 15 charges left.
The orc warrior hits you with a short sword!
You die...

.......#.####.#.##
#......#.....###.#
#####.#######.#.##
...##.# ####...##
##.##.####.......##
##.#.........(....#
...........)).....#
............<...o.#
##.#......)#....@##
##.#.........).####
...#.....<###)##..#
.......###))...#.##
.........#.##)##..#
.##.#..#.#.##..#)##
....#..#.#.####..#
.##.#........##..#
########
.##.#.##.........#
#......#


You could see an orc warrior.

Vanquished Creatures
  A spriggan (D:7)
  3 orc warriors
  3 ice beasts
  A black bear (D:7)
  6 ogres
  3 centaurs
  2 bullfrogs
  The ghost of crazymagnet the Slasher, a weakling MiBe of Trog (D:3)
  3 hounds
  A centaur skeleton (D:6)
  2 orc wizards
  3 gnoll shamans (D:7)
  6 worker ants
  A hound skeleton (D:5)
  2 worker ant zombies (D:7)
  11 gnolls
  2 howler monkey skeletons (D:4)
  2 adders (D:5)
  2 shadow imps (D:6)
  An ooze (D:1)
  An adder zombie (D:7)
  3 adder skeletons
  5 worms
  A dart slug (D:2)
  3 leopard geckos
  12 orcs
  9 bats
  A giant cockroach (D:2)
  8 hobgoblins
  6 jackals
  3 quokkas
  A ball python (D:1)
  8 frilled lizards
  4 goblins
  A jackal skeleton (D:4)
  A kobold (D:2)
  A quokka zombie (D:5)
  11 rats
  A plant (D:7)
136 creatures vanquished.

Vanquished Creatures (collateral kills)
  An orc warrior (D:6)
  A sky beast (D:5)
  A phantom (D:5)
  2 ogres (D:4)
  A centaur (D:7)
  A big kobold (D:7)
  A bullfrog (D:7)
  The ghost of crux the Sneak, a weakling SpEn (D:4)
  An orc wizard (D:3)
  3 gnolls (D:7)
  An orc (D:3)
  A goblin (D:3)
15 creatures vanquished.

Vanquished Creatures (others)
  5 fungi (D:7)
  A plant (D:7)
6 creatures vanquished.

Grand Total: 157 creatures vanquished

Notes
Turn   | Place    | Note
-------+----------+-------------------------------------------
     0 | D:1      | tizzy the Demonspawn Fighter began the quest for the Orb.
     0 | D:1      | Reached XP level 1. HP: 18/18 MP: 1/1
   361 | D:1      | Gained mutation: You have sharp toenails. [demonic ancestry]
   361 | D:1      | Reached XP level 2. HP: 20/24 MP: 2/2
   992 | D:2      | Gained mutation: A weak demonic guardian rushes to your aid. [demonic ancestry]
   992 | D:2      | Reached XP level 3. HP: 30/30 MP: 3/3
  1504 | D:3      | Reached XP level 4. HP: 38/38 MP: 4/4
  1738 | D:3      | Noticed crazymagnet's ghost (weakling MiBe)
  2113 | D:3      | Killed crazymagnet's ghost
  2113 | D:3      | Reached skill level 5 in Fighting
  2113 | D:3      | Gained mutation: You have razor-sharp toenails. [demonic ancestry]
  2113 | D:3      | Reached XP level 5. HP: 30/44 MP: 5/5
  2598 | D:4      | Got a slimy quarterstaff
  2616 | D:4      | Noticed an ogre
  2621 | D:4      | Killed an ogre
  2621 | D:4      | Reached skill level 1 in Unarmed Combat
  2827 | D:4      | Identified the +1 quarterstaff "Hydraslayer" {speed, rC- Str+2 Int+2} (You found it on level 4 of the Dungeon)
  3061 | D:4      | Noticed crux's ghost (weakling SpEn)
  3062 | D:4      | Noticed an ogre
  3113 | D:4      | Killed crux's ghost
  3113 | D:4      | Reached skill level 2 in Unarmed Combat
  3126 | D:4      | Killed an ogre
  3126 | D:4      | Gained mutation: You have sharp fingernails. [demonic ancestry]
  3126 | D:4      | Reached XP level 6. HP: 17/52 MP: 6/6
  3573 | D:4      | Noticed Blork the orc
  3585 | D:4      | Found a deep blue altar of Sif Muna.
  3611 | D:5      | Entered Level 5 of the Dungeon
  3663 | D:5      | Found a shimmering altar of Xom.
  3665 | D:5      | Found a radiant altar of Vehumet.
  3665 | D:5      | Found an iron altar of Okawaru.
  3668 | D:5      | Found a hazy altar of Hepliaklqana.
  3668 | D:5      | Found a hide-covered altar of Uskayaw.
  3668 | D:5      | Found a blossoming altar of Fedhas.
  3732 | D:5      | Found a staircase to the Ecumenical Temple.
  3747 | Temple   | Entered the Ecumenical Temple
  3924 | Temple   | Became a worshipper of Dithmenos the Shadowed
  4075 | D:5      | Reached skill level 3 in Unarmed Combat
  4097 | D:5      | Noticed an ice beast
  4143 | D:5      | Killed an ice beast
  4143 | D:5      | Reached skill level 4 in Unarmed Combat
  4143 | D:5      | Gained mutation: You have a pair of small antennae on your head. [demonic ancestry]
  4143 | D:5      | Reached XP level 7. HP: 15/58 MP: 7/7
  4973 | D:5      | Reached skill level 5 in Unarmed Combat
  5386 | D:6      | Reached skill level 6 in Unarmed Combat
  5389 | D:6      | Got a shimmering morningstar {freeze}
  5402 | D:6      | Found Fiuwnapp's Distillery.
  5405 | D:6      | Bought a potion of heal wounds for 65 gold pieces
  5405 | D:6      | Bought a potion of curing for 39 gold pieces
  5405 | D:6      | Bought a potion of degeneration for 13 gold pieces
  5405 | D:6      | Bought a potion of flight for 39 gold pieces
  5409 | D:6      | Learned a level 1 spell: Apportation
  5411 | D:6      | Learned a level 1 spell: Confusing Touch
  5746 | D:7      | Reached XP level 8. HP: 62/64 MP: 8/8
  5898 | D:7      | Got a bone dagger
  5920 | D:6      | Reached skill level 7 in Unarmed Combat
  6923 | D:7      | Reached skill level 8 in Unarmed Combat
  6949 | D:7      | Reached * piety under Dithmenos
  6987 | D:7      | Identified the +5 morningstar "Zidweph" {freeze, Int+5 Stlth+} (You took it off a centaur on level 6 of the Dungeon)
  7809 | D:7      | Reached skill level 9 in Unarmed Combat
  8143 | D:7      | Gained mutation: You sometimes gain a little power by taking damage. [demonic ancestry]
  8143 | D:7      | Reached XP level 9. HP: 58/69 MP: 9/9
  8559 | D:7      | Reached skill level 10 in Unarmed Combat
  9406 | D:8      | Reached ** piety under Dithmenos
  9469 | D:7      | Slain by an orc warrior

Skill      XL: |  1  2  3  4  5  6  7  8  9 |
---------------+----------------------------+-----
Axes           | 2 |  2.4
Fighting       | 4 5 6 |  6.1
Unarmed Combat | 2 4 6 9 10 | 10.6
Armour         | |  2.6
Shields        | |  2.6

Action                   |  1- 3 |  4- 6 |  7- 9 || total
-------------------------+-------+-------+-------++-------
Melee: War axe           |   115 |    63 |       ||   178
       Kick              |    13 |    36 |    28 ||    77
       Quarterstaff      |       |    36 |       ||    36
       Unarmed           |       |    40 |   460 ||   500
       Punch             |       |     1 |    13 ||    14
Throw: Javelin           |       |     8 |    12 ||    20
Evoke: Wand              |       |       |     4 ||     4
  Use: Scroll            |       |       |    15 ||    15
       Potion            |       |       |     3 ||     3
 Stab: Distracted        |       |       |     1 ||     1
  Eat: Chunk             |     2 |     6 |    11 ||    19
       Fruit             |       |     1 |       ||     1
       Pizza             |       |     1 |       ||     1
       Meat ration       |       |       |     1 ||     1
Armor: Scale mail        |    66 |    64 |       ||   130
       Plate armour      |       |       |   253 ||   253
       Leather armour    |       |       |    34 ||    34
Dodge: Dodged            |    33 |    60 |   117 ||   210
Block: Shield            |    62 |    30 |       ||    92
       Large shield      |       |       |    12 ||    12
